 Dungeon Crawl Stone Soup version 0.18-a0-1243-g9e52518 (webtiles) character file.

21774 kae the Severer (level 12, -2/110 HPs)
             Began as a Hill Orc Fighter on Feb 5, 2016.
             Was a Priest of Qazlal.
             Slain by a porcupine (12 damage)
             ... on level 5 of the Lair of Beasts.
             The game lasted 00:24:24 (13179 turns).

kae the Severer (Hill Orc Fighter)                 Turns: 13179, Time: 00:24:24

Health: -2/110     AC:  2    Str: 29    XL:     12   Next: 93%
Magic:  19/19      EV:  8    Int:  8    God:    Qazlal [***...]
Gold:   811        SH: 15    Dex: 11    Spells: 0 memorised, 11 levels left

rFire  . . .     SeeInvis +     a - +1 war axe
rCold  . . .     Gourm    .     H - +3 scale mail
rNeg   . . .     Faith    .     c - +0 shield
rPois  .         Spirit   .     (no helmet)
rElec  .         Dismiss  .     (no cloak)
rCorr  .         Reflect  .     d - +1 pair of gloves
SustAt .         Harm     .     D - +2 pair of boots
MR     .....                    v - amulet of regeneration
Stlth  ..........               C - +6 ring of strength
                                q - ring of see invisible

@: corroded equipment, not resistant to hostile enchantments, extremely
unstealthy
A: no striking features
a: Upheaval, Elemental Force, Renounce Religion


You were on level 5 of the Lair of Beasts.
You worshipped Qazlal.
Qazlal was most pleased with you.
You were very hungry.

You visited 2 branches of the dungeon, and saw 14 of its levels.
You also visited: Bailey.

You collected 811 gold pieces.

Inventory:

Hand Weapons
 a - a +1 war axe (weapon)
Armour
 b - a +0 scale mail
 c - a +0 shield (worn)
 d - a +1 pair of gloves (worn)
 D - a +2 pair of boots (worn)
 H - a +3 scale mail (worn)
Jewellery
 i - an uncursed ring of magical power
 q - a ring of see invisible (left hand)
 v - an amulet of regeneration (around neck)
 C - a +6 ring of strength (right hand)
 E - an uncursed ring of protection from magic
 G - an uncursed ring of protection from magic
 J - a +4 amulet of reflection
 L - an uncursed ring of protection from fire
 X - an uncursed ring of positive energy
Wands
 l - a wand of iceblast (2/15)
 n - a wand of confusion (17/48)
 z - a wand of hasting (4/9)
Scrolls
 g - a scroll of remove curse
 p - 3 scrolls of enchant armour
 u - a scroll of blinking
 x - a scroll of recharging
 y - 3 scrolls of teleportation
 U - a scroll of silence
 Z - 2 scrolls of magic mapping
Potions
 h - 3 potions of haste
 m - 2 potions of heal wounds
 r - a potion of lignification
 s - 4 potions of flight
 t - a potion of berserk rage
 w - a potion of invisibility
 A - 2 potions of might
 F - a potion of cure mutation
 K - 2 potions of curing
 M - a potion of agility
Books
 e - a book of the Dragon

   Spells                             Type                      Level
   a - Flame Tongue                   Conjuration/Fire             1
   b - Cause Fear                     Hexes                        4
   c - Bolt of Fire                   Conjuration/Fire             6
   d - Dragon Form                    Transmutation                7
   e - Dragon's Call                  Summoning                    9
 B - a book of Geomancy

   Spells                             Type                      Level
   a - Sandblast                      Earth                        1
   b - Passwall                       Transmutation/Earth          2
   c - Stone Arrow                    Conjuration/Earth            3
   d - Petrify                        Transmutation/Earth          4
   e - Lee's Rapid Deconstruction     Earth                        5
 I - a book of Spatial Translocations

   Spells                             Type                      Level
   a - Apportation                    Translocation                1
   b - Blink                          Translocation                2
   c - Shroud of Golubria             Charms/Translocation         2
   d - Portal Projectile              Translocation                3
   e - Teleport Other                 Translocation                3
   f - Passage of Golubria            Translocation                4
Comestibles
 f - a meat ration
 j - 6 fruits
 k - 2 bread rations
 o - a beef jerky
 W - 10 royal jellies


   Skills:
 - Level 11.1 Fighting
 + Level 16.8 Axes
 - Level 12.0 Armour
 - Level 5.1 Shields
 - Level 9.9 Invocations


You had 11 spell levels left.
You didn't know any spells.

Dungeon Overview and Level Annotations

Branches:
Dungeon (9/15)             Temple (0/1) D:5            Lair (5/8) D:9
  Swamp (0/4) Lair:4        Snake (0/4) Lair:5
    Orc: D:9-12

Altars:
Ashenzari
Cheibriados
Dithmenos
Elyvilon
Fedhas
Gozag
Kikubaaqudgha
Qazlal
Ru
Trog
Vehumet
Xom
Yredelemnul
The Shining One

Annotations:
Lair:5 exclusion: oklob plant


Message History

Unknown command.
You hit the oklob plant but do no damage.
The oklob plant is heavily damaged.
Unknown command.
You hit the oklob plant but do no damage.
The oklob plant is heavily damaged.
Aiming: Upheaval
Press: ? - help, Dir - move target cursor, f - porcupine
Aim: a porcupine
Okay, then.
Unknown command.
You are struck by the porcupine's spines.
* * * LOW HITPOINT WARNING * * *
You slash the porcupine!
The porcupine is severely wounded.
You block the porcupine's attack.
You hit the porcupine but do no damage.
The porcupine is severely wounded.
The porcupine bites you!
You die...

###.### ### #
#....[.###...
#......#...# # #
#....P..##.### .#..
#............# #....
#.#..........#
......
#..........@##......
#.......P..r#...P#
#...P......§'.P..#
##...?#...P.######
##.....#...#
#..+P.#.#.#
##..####.##
##.#..§####
#........#


You could see a porcupine.

Vanquished Creatures
  2 death yaks (Lair:2)
  The ghost of YrmMerkstave the Grappler, a novice TrMo of Cheibriados (D:7)
  3 deep elf magi
  Joseph (Lair:1)
  A black mamba (Lair:2)
  12 spiny frogs
  7 komodo dragons
  Grinder (D:6)
  Prince Ribbit (D:6)
  7 blink frogs
  Sigmund (D:4)
  20 yaks
  The ghost of namelastname112 the Cudgeler, an amateur DrGl (D:4)
  A wyvern (D:9)
  A basilisk (Lair:4)
  Menkaure (D:7)
  3 hippogriffs
  A steam dragon (Lair:3)
  10 wolves
  9 water moccasins
  6 porcupines
  2 orc warriors
  An eye of draining (D:9)
  A phantom (D:9)
  2 sky beasts
  An ice beast (D:7)
  3 ogres
  2 centaurs
  A wasp (D:9)
  7 crocodiles
  5 giant frogs
  A water moccasin skeleton (D:4)
  4 scorpions
  11 killer bees
  7 crimson imps
  A centaur zombie (D:6)
  A giant frog zombie (D:7)
  5 orc priests
  5 hounds
  5 jellies
  11 iguanas
  Ijyb (D:2)
  5 hell rats (Lair:5)
  5 orc wizards
  5 worker ants
  5 sheep (Lair:3)
  13 adders
  7 river rats (Lair:5)
  A shadow imp (D:9)
  6 oozes
  An adder zombie (D:9)
  3 worms
  3 giant geckos
  20 orcs
  2 ball pythons (D:1)
  10 giant cockroaches
  8 goblins
  6 hobgoblins
  4 jackals
  A quokka (D:3)
  11 bats
  A giant gecko zombie (D:7)
  3 giant newts
  A jackal skeleton (D:4)
  8 kobolds
  10 rats
  10 fungi
  5 plants
321 creatures vanquished.

Vanquished Creatures (others)
  7 fungi
  2 plants (Lair:2)
9 creatures vanquished.

Grand Total: 330 creatures vanquished

Notes
Turn   | Place    | Note
--------------------------------------------------------------
     0 | D:1      | kae the Hill Orc Fighter began the quest for the Orb.
     0 | D:1      | Reached XP level 1. HP: 19/19 MP: 1/1
   134 | D:1      | Reached XP level 2. HP: 24/26 MP: 2/2
   343 | D:1      | Reached skill level 4 in Axes
   763 | D:2      | Found a sacrificial altar of Ru.
   784 | D:2      | Reached XP level 3. HP: 26/31 MP: 3/3
   866 | D:2      | Noticed Ijyb
   899 | D:2      | Killed Ijyb
   899 | D:2      | Reached skill level 5 in Axes
  1038 | D:2      | Reached XP level 4. HP: 35/39 MP: 4/4
  1582 | D:2      | Found a shimmering altar of Xom.
  1652 | D:2      | Found a white marble altar of Elyvilon.
  1657 | D:2      | Found an ancient bone altar of Kikubaaqudgha.
  1668 | D:2      | Found a blossoming altar of Fedhas.
  1675 | D:2      | Found a stormy altar of Qazlal.
  1680 | D:2      | Found a bloodstained altar of Trog.
  1686 | D:2      | Became a worshipper of Qazlal Stormbringer
  1698 | D:2      | Found a shadowy altar of Dithmenos.
  1703 | D:2      | Found an opulent altar of Gozag.
  1777 | D:3      | Reached skill level 6 in Axes
  1900 | D:3      | Reached skill level 7 in Axes
  1900 | D:3      | Reached XP level 5. HP: 25/45 MP: 5/5
  3057 | D:3      | Found a radiant altar of Vehumet.
  3064 | D:3      | Reached skill level 8 in Axes
  3064 | D:3      | Reached XP level 6. HP: 30/51 MP: 6/6
  3418 | D:4      | Noticed Sigmund
  3427 | D:4      | Killed Sigmund
  3427 | D:4      | Reached skill level 9 in Axes
  3531 | D:4      | Noticed namelastname112's ghost (amateur DrGl)
  3788 | D:4      | Killed namelastname112's ghost
  3788 | D:4      | Reached skill level 10 in Axes
  3788 | D:4      | Reached XP level 7. HP: 23/57 MP: 7/7
  4165 | D:4      | Reached * piety under Qazlal
  4183 | D:4      | Found a basalt altar of Yredelemnul.
  4337 | D:4      | Reached skill level 11 in Axes
  4536 | D:4      | Found a glowing golden altar of the Shining One.
  4539 | D:4      | Found a shattered altar of Ashenzari.
  4542 | D:4      | Found a snail-covered altar of Cheibriados.
  4557 | D:4      | Reached XP level 8. HP: 52/64 MP: 8/8
  4743 | D:5      | Entered Level 5 of the Dungeon
  5090 | D:5      | Reached skill level 12 in Axes
  5249 | D:5      | Found a staircase to the Ecumenical Temple.
  5448 | D:6      | Noticed Grinder
  5452 | D:6      | Noticed Prince Ribbit
  5459 | D:6      | Killed Prince Ribbit
  5459 | D:6      | Reached skill level 13 in Axes
  5464 | D:6      | Killed Grinder
  5668 | D:6      | Reached XP level 9. HP: 70/70 MP: 9/9
  5675 | D:6      | Reached skill level 14 in Axes
  6798 | D:7      | Noticed Menkaure
  6803 | D:7      | Killed Menkaure
  6803 | D:7      | Reached skill level 15 in Axes
  6816 | D:7      | Reached ** piety under Qazlal
  7348 | D:7      | Noticed YrmMerkstave's ghost (novice TrMo)
  7371 | D:7      | Killed YrmMerkstave's ghost
  7371 | D:7      | Reached skill level 16 in Axes
  7371 | D:7      | Reached XP level 10. HP: 55/77 MP: 10/10
  7466 | D:8      | Reached skill level 1 in Invocations
  7771 | D:8      | Found a flagged portal.
  7962 | Bailey   | Entered a bailey
  7967 | Bailey   | Noticed a deep elf mage
  7969 | Bailey   | Noticed a deep elf mage
  7971 | Bailey   | Noticed PeterLawrence's ghost (novice GrFi)
  7972 | Bailey   | Noticed a deep elf mage
  7979 | Bailey   | Killed a deep elf mage
  7981 | Bailey   | Noticed a deep elf mage
  7983 | Bailey   | Noticed a deep elf mage
  7984 | Bailey   | Noticed a deep elf mage
  7989 | Bailey   | Noticed a sun demon
  8067 | D:8      | Killed a deep elf mage
  8070 | D:8      | Killed a deep elf mage
  8336 | D:9      | Found a staircase to the Lair.
  8529 | D:9      | Reached skill level 5 in Fighting
  8787 | D:9      | Reached XP level 11. HP: 89/89 MP: 18/18
  9047 | Lair:1   | Entered Level 1 of the Lair of Beasts
  9057 | Lair:1   | Noticed Joseph
  9072 | Lair:1   | Killed Joseph
  9846 | Lair:2   | Reached skill level 10 in Fighting
 10398 | Lair:2   | Noticed a death yak
 10399 | Lair:2   | Noticed a death yak
 10419 | Lair:2   | Killed a death yak
 10423 | Lair:2   | Noticed a death yak
 10456 | Lair:2   | Killed a death yak
 10456 | Lair:2   | Reached skill level 5 in Armour
 10458 | Lair:2   | Noticed a death yak
 10896 | Lair:2   | Noticed a five-headed hydra
 11023 | Lair:2   | Reached XP level 12. HP: 104/110 MP: 19/19
 11654 | Lair:3   | Reached skill level 10 in Armour
 11663 | Lair:3   | Reached *** piety under Qazlal
 12805 | Lair:4   | Found a staircase to the Swamp.
 13068 | Lair:5   | Found a staircase to the Snake Pit.
 13150 | Lair:5   | Reached skill level 5 in Shields
 13179 | Lair:5   | Slain by a porcupine

Vault maps used:
D:1:      eino_arrival_water_cross
D:2:      old_standard_altar, nicolae_overflow_hidden_temple,
          grunt_temple_overflow_octagram, kennysheep_cross_room, uniq_iyjb
D:3:      vehumet_altar_wand_db, first_bread
D:4:      nicolae_overflow_crystal_walls, grunt_temple_overflow_diamond,
          uniq_sigmund
D:5:      minmay_temple_entry_statues_fountains
D:6:      minivault_19, uniq_prince_ribbit1, uniq_grinder
D:7:      uniq_menkaure
D:8:      enter_bailey_2
D:9:      lair_0_dummy, serial_corexii_hall, corexii_hall_statues_l,
          corexii_hall_statues_deadend, corexii_hall_statues_l,
          hangedman_little_slice_of_home
Lair:1:   beast_lair_carwin_2, uniq_joseph
Lair:2:   grunt_megastairs_4
Lair:3:   grunt_megastairs_2, bh_autumn_forest_stairs
Lair:4:   swamp_mist, grunt_megastairs_3, infiniplex_staircase_pool
Lair:5:   dummy_snake_entry, minivault_11, grunt_forest_stairs_basic
Bailey:   bailey_polearm_3, bailey

Action                   |  1- 3 |  4- 6 |  7- 9 | 10-12 || total
-------------------------+-------+-------+-------+-------++-------
Melee: War axe           |   120 |   200 |   317 |   615 ||  1252
Invok: Upheaval          |       |       |       |    13 ||    13
Evoke: Wand              |       |     4 |     3 |     3 ||    10
  Use: Scroll            |     3 |     7 |     4 |    15 ||    29
       Potion            |       |     2 |       |     3 ||     5
  Eat: Chunk             |     1 |     9 |     6 |    12 ||    28
       Meat ration       |       |       |     1 |     1 ||     2
       Fruit             |       |       |     1 |       ||     1
